 Dungeon Crawl Stone Soup version 0.28-a0-384-g9e0c098162 (webtiles) character file.

Game seed: 3525182969816969694

307852 SkeletonJelly the Warrior (level 22, -11/190 HPs)
             Began as a Formicid Chaos Knight on Sept 2, 2021.
             Was a Favourite Plaything of Xom.
             Mangled by jejorda2's ghost (35 damage)
             ... on level 1 of the Vaults on Sept 3, 2021.
             The game lasted 02:20:53 (45301 turns).

SkeletonJelly the Warrior (Formicid Chaos Knight)  Turns: 45301, Time: 02:20:54

Health: -11/190    AC: 22    Str: 24 (25) XL:     22   Next: 12%
Magic:  22/22      EV: 17    Int: 14      God:    Xom [......]
Gold:   4296       SH:  0    Dex: 16      Spells: 21/21 levels left

rFire   + + +      SeeInvis +   w - +8 fustibalus of Gizogaq {chaos, Dex+4}
rCold   + + +      Faith    .   I - +0 tower shield
rNeg    . . .      Spirit   .   K - +5 ring mail of Disguise {rElec rF++}
rPois   +          Reflect  +   (helmet unavailable)
rElec   +          Harm     .   d - +1 cloak of Evolution {Stlth+}
rCorr   +          Rampage  .   G - +0 pair of gloves "Taodyara" {rCorr}
Will    ++...                   S - +1 pair of boots {Fly}
Stlth   ..........              X - amulet of reflection
HPRegen 0.41/turn               c - +4 ring of slaying
MPRegen 0.18/turn               o - +4 ring of slaying

@: confused, mighty, silenced, ambrosia-drunk, flying
A: permanent stasis, dig shafts and tunnels, antennae 3, four strong arms,
hooves 2, agile 1, cold resistance 3, fire resistance 1, poison resistance,
evolution 1, subdued magic 1, MP-powered wands
}: 2/15 runes: serpentine, barnacled
a: Dig, Shaft Self, Renounce Religion


You were on level 1 of the Vaults.
You worshipped Xom.
You were a very special plaything of Xom.
You visited 6 branches of the dungeon, and saw 32 of its levels.
You also visited: Sewer and Bailey.

You collected 4477 gold pieces.
You spent 181 gold pieces at shops.

Inventory:

Hand Weapons
 a - a +1 falchion of chaos
 p - a +2 great sword of electrocution
 w - the +8 fustibalus of Gizogaq (weapon) {chaos, Dex+4}
   (Xom gifted it to you in a sewer)

   Each projectile launched from it has a different, random effect.
   Dex:       It affects your dexterity (+4).
Missiles
 y - 3 curare-tipped darts
 z - 813 stones
 A - 76 sling bullets (quivered ammo)
 N - 16 throwing nets
Armour
 d - the +1 cloak of Evolution (worn) {Stlth+}
   (You found it on level 5 of the Lair of Beasts)

   Stlth:     It makes you more stealthy.
 G - the +0 pair of gloves "Taodyara" (worn) {rCorr}
   (You found it on level 5 of the Lair of Beasts)

   rCorr:     It protects you from acid and corrosion.
 I - a +0 tower shield (worn)
 K - the +5 ring mail of Disguise (worn) {rElec rF++}
   (You found it on level 5 of the Lair of Beasts)

   rF:        It greatly protects you from fire.
   rElec:     It insulates you from electricity.
 S - a +1 pair of boots of flying (worn)
Jewellery
 c - a +4 ring of slaying (left hand)
 o - a +4 ring of slaying (right hand)
 x - a ring of willpower
 L - the amulet "Umakeluj" {Fly Regen+ SInv}
   (Xom gifted it to you on level 2 of the Orcish Mines)

   [amulet of regeneration]

   SInv:      It lets you see invisible.
   Fly:       It grants you flight.
   Regen:     It increases your rate of health regeneration.
 P - the ring of the Hare {EV+8}
   (You found it on level 14 of the Dungeon)

   [ring of evasion]

   EV:        It affects your evasion (+8).
 T - a +6 ring of intelligence
 X - an amulet of reflection (around neck)
Wands
 f - a wand of acid (24)
 C - a wand of flame (49)
 F - a wand of digging (14)
 M - a wand of mindburst (56)
 R - a wand of iceblast (30)
 U - a wand of paralysis (17)
Scrolls
 b - 2 scrolls of fog
 g - 8 scrolls of magic mapping
 h - 9 scrolls of enchant armour
 m - 7 scrolls of vulnerability
 r - 11 scrolls of enchant weapon
 B - 3 scrolls of silence
 O - 2 scrolls of immolation
 Q - 6 scrolls of brand weapon
 Y - 5 scrolls of identify
 Z - a scroll of fear
Potions
 e - 6 potions of attraction
 j - a potion of might
 l - 6 potions of flight
 n - 5 potions of lignification
 s - 6 potions of mutation
 t - 3 potions of invisibility
 u - 6 potions of brilliance
 v - 2 potions of cancellation
 D - 5 potions of magic
 E - 14 potions of curing
 H - 2 potions of resistance
 J - a potion of ambrosia
Miscellaneous
 k - a piece from Xom's chessboard (15/15)
 q - a phantom mirror
 V - a phial of floods
 W - a box of beasts (inert)


   Skills:
 - Level 20.0 Fighting
 - Level 8.1 Long Blades
 - Level 14.0 Slings
 + Level 19.5 Armour
 - Level 12.0 Dodging
 - Level 15.0 Shields
 - Level 12.0 Evocations


You had 21 spell levels left.
You didn't know any spells.
Your spell library contained the following spells:

 Spells                   Type           Power      Damage    Failure   Level
 Animate Skeleton         Necr           0%         N/A       32%         1
 Apportation              Tloc           0%         N/A       32%         1
 Beastly Appendage        Tmut           0%         N/A       32%         1
 Corona                   Hex            0%         N/A       32%         1
 Pain                     Necr           0%         1d4       32%         1
 Sandblast                Erth           0%         2d4       32%         1
 Shock                    Conj/Air       0%         1d3       32%         1
 Summon Small Mammal      Summ           0%         N/A       32%         1
 Passwall                 Tmut/Erth      0%         N/A       45%         2
 Sublimation of Blood     Necr           0%         N/A       45%         2
 Wereblood                Tmut           0%         N/A       45%         2
 Dazzling Flash           Conj/Hex       0%         N/A       69%         3
 Frozen Ramparts          Ice            0%         1d2       69%         3
 Inner Flame              Hex/Fire       0%         N/A       69%         3
 Spider Form              Tmut/Pois      0%         N/A       69%         3
 Vampiric Draining        Necr           0%         2d6       69%         3
 Airstrike                Air            0%         N/A       98%         4
 Animate Armour           Summ/Erth      0%         N/A       98%         4
 Cause Fear               Hex            0%         N/A       98%         4
 Ice Form                 Ice/Tmut       0%         N/A       98%         4
 Leda's Liquefaction      Hex/Erth       0%         N/A       98%         4
 Petrify                  Tmut/Erth      0%         N/A       98%         4
 Summon Ice Beast         Ice/Summ       0%         N/A       98%         4
 Summon Lightning Spire   Summ/Air       0%         N/A       98%         4
 Agony                    Necr           0%         N/A       100%        5
 Alistair's Intoxication  Tmut/Pois      0%         N/A       100%        5
 Blade Hands              Tmut           0%         N/A       100%        5
 Bolt of Magma            Conj/Fire/Erth 0%         4d4       100%        5
 Irradiate                Conj/Tmut      0%         3d13      100%        5
 Lee's Rapid Deconstruct  Erth           0%         3d5*      100%        5
 Lightning Bolt           Conj/Air       0%         1d11      100%        5
 Silence                  Hex/Air        0%         N/A       100%        5
 Summon Mana Viper        Hex/Summ       0%         N/A       100%        5
 Yara's Violent Unravell  Hex/Tmut       0%         3d3       100%        5
 Dispersal                Tloc           0%         N/A       100%        6
 Invisibility             Hex            0%         N/A       100%        6
 Iron Shot                Conj/Erth      0%         9d1       100%        6
 Statue Form              Tmut/Erth      0%         N/A       100%        6
 Monstrous Menagerie      Summ           0%         N/A       100%        7
 Discord                  Hex            0%         N/A       100%        8
 Disjunction              Tloc           0%         N/A       100%        8
 Death's Door             Necr           0%         N/A       100%        9
 Swiftness                Air            Unusable   N/A       N/A         3

Dungeon Overview and Level Annotations

Branches:
Dungeon (15/15)            Temple (0/1) D:5            Lair (6/6) D:11
 Shoals (4/4) Lair:3        Snake (4/4) Lair:3        Slime (0/5) Lair:5
    Orc (2/2) D:11            Elf (0/3) Orc:2        Vaults (1/5) D:13
 Depths (0/5) D:15          Sewer (visited)          Bailey (visited)

Altars:
Dithmenos
Sif Muna
Xom
Beogh
Jiyva

Shops:
D:1 :   D:2 (=![   D:6 =   D:11 (   D:12 (   D:13 [?(   Orc:2 *[([
Snake:2 (:!

Annotations:
D:3 1 runed translucent door, pigah's ghost, novice OpWn
Vaults:1 Phlounder's ghost, adept HOFi; Tappu's ghost, adept OgEn; jejorda2's ghost, adept MfBe


Innate Abilities, Weirdness & Mutations

You cannot be hasted, slowed, berserked, paralysed or teleported.
You can dig through walls and to a lower floor.
You have a pair of large antennae on your head. (SInv)
Your four strong arms can wield two-handed weapons with a shield.
You have hoof-like feet.
You are agile. (Dex +2)
Your flesh is almost immune to the effects of cold. (rC+++)
Your flesh is heat resistant. (rF+)
Your system is resistant to poisons. (rPois)
You have hidden genetic potential.
Your spells are a little easier to cast, but a little less powerful.
You expend magic power (3 MP) to strengthen your wands.


Message History

Jejorda2's ghost hits your mature weirdfire beast!!
Jejorda2's ghost freezes your mature weirdfire beast.
Your mature weirdfire beast misses jejorda2's ghost.
Jejorda2's ghost hits your mature weirdfire beast!
Jejorda2's ghost freezes your mature weirdfire beast.
Something hits your mature weirdfire beast!!
Something freezes your mature weirdfire beast!
Something hits your mature weirdfire beast!
Something freezes your mature weirdfire beast.
Your mature weirdfire beast dies!
Your mature weirdfire beast's corpse disappears in a puff of smoke!
Fire: 84 sling bullets
Press: ? - help, Q - select action, (/) - cycle Shift-Dir - straight line, f/p - jejorda2's ghost
Aim: jejorda2's ghost, wielding a weapon of freezing (heavily damaged, fast, 57% to hit)
You shoot a sling bullet. The sling bullet hits jejorda2's ghost!
Jejorda2's ghost suddenly seems more agile.
Jejorda2's ghost is severely damaged.
Fire: 83 sling bullets
Press: ? - help, Q - select action, (/) - cycle Shift-Dir - straight line, f/p - jejorda2's ghost
Aim: jejorda2's ghost, wielding a weapon of freezing (black smoke, severely damaged, fast, unusually agile, 49% to hit)
You shoot a sling bullet. The sling bullet hits jejorda2's ghost!
Nothing appears to happen.
Jejorda2's ghost is severely damaged.
Jejorda2's ghost screams, "Don't try to defend!
You have no chance!"
Fire: 82 sling bullets
Press: ? - help, Q - select action, (/) - cycle Shift-Dir - straight line, f/p - jejorda2's ghost
Aim: jejorda2's ghost, wielding a weapon of freezing (severely damaged, fast, unusually agile, 49% to hit)
You shoot a sling bullet.
The sling bullet completely misses jejorda2's ghost.
The sling bullet hits Tappu's ghost!!
Tappu's ghost resists with almost no effort.
Tappu's ghost is lightly damaged.
Xom's power touches on a nearby monster.
You block jejorda2's ghost's attack.
Fire: 81 sling bullets
Press: ? - help, Q - select action, (/) - cycle Shift-Dir - straight line, f/p - jejorda2's ghost
Aim: jejorda2's ghost, wielding a weapon of freezing (severely damaged, fast, unusually agile, 49% to hit)
You shoot a sling bullet.
The sling bullet completely misses jejorda2's ghost.
The sling bullet hits Tappu's ghost!
Lightning courses through Tappu's ghost!
Tappu's ghost is moderately damaged.
Jejorda2's ghost hits you!! Jejorda2's ghost freezes you.
Tappu's ghost gestures wildly while chanting.
Tappu's ghost blinks!
You take 22 damage, and have 80/190 hp.
As you read the scroll of silence, it crumbles to dust.
A profound silence engulfs you. You block jejorda2's ghost's attack. x2
Fire: 80 sling bullets
Press: ? - help, Q - select action, (/) - cycle Shift-Dir - straight line, f/p - jejorda2's ghost
Aim: jejorda2's ghost, wielding a weapon of freezing (silenced, severely damaged, fast, unusually agile, 49% to hit)
You shoot a sling bullet.
The sling bullet barely misses jejorda2's ghost.
You block jejorda2's ghost's attack.
Tappu's ghost hits you but does no damage.
Fire: 79 sling bullets
Press: ? - help, Q - select action, (/) - cycle Shift-Dir - straight line, f/p - jejorda2's ghost
Aim: jejorda2's ghost, wielding a weapon of freezing (silenced, severely damaged, fast, unusually agile, 49% to hit)
You shoot a sling bullet.
The sling bullet closely misses jejorda2's ghost.
You block jejorda2's ghost's attack.
Fire: 78 sling bullets
Press: ? - help, Q - select action, (/) - cycle Shift-Dir - straight line, f/p - jejorda2's ghost
Aim: jejorda2's ghost, wielding a weapon of freezing (silenced, severely damaged, fast, unusually agile, 49% to hit)
You shoot a sling bullet.
The sling bullet closely misses jejorda2's ghost.
You block Tappu's ghost's attack. Jejorda2's ghost hits you!!!
* * * LOW HITPOINT WARNING * * *
Jejorda2's ghost freezes you.
* * * LOW HITPOINT WARNING * * *
You take 41 damage, and have 40/190 hp.
MASSIVE DAMAGE!!
You feel much better. Jejorda2's ghost hits you!!!
* * * LOW HITPOINT WARNING * * *
Jejorda2's ghost freezes you.
* * * LOW HITPOINT WARNING * * *
You block Tappu's ghost's attack.
You take 20 damage, and have 20/190 hp.
You feel much better. You block jejorda2's ghost's attack.
You block Tappu's ghost's attack. Jejorda2's ghost barely misses you.
You regained 20 hp, and now have 40/190 hp.
You feel very mighty all of a sudden. You block jejorda2's ghost's attack.
Tappu's ghost hits you!
* * * LOW HITPOINT WARNING * * *
You take 7 damage, and have 33/190 hp.
Fire: 77 sling bullets
Press: ? - help, Q - select action, (/) - cycle Shift-Dir - straight line, f/p - jejorda2's ghost
Aim: jejorda2's ghost, wielding a weapon of freezing (silenced, severely damaged, fast, unusually agile, 49% to hit)
You shoot a sling bullet.
The sling bullet misses jejorda2's ghost.
Xom makes a sudden noise!
You hear a flourish of trumpets!
Jejorda2's ghost hits you but does no damage.
Tappu's ghost hits you!
* * * LOW HITPOINT WARNING * * *
You take 13 damage, and have 20/190 hp.
Okay, then.
Unknown command.
You are confused.
You feel invigorated. Jejorda2's ghost hits you!!
You die...
Xom titters!

........#######.....#
".......#.....#.....#
........#.....#.....#
###...W)'.###.#.....#
..#.....#.###.#.....#
..#.....#.....#.....#
..#(....#.....#.....#
..#.....#######.....#
..#.W.^(W(§(.((W@W..#
..#....###########..#
####...#..#.8[..8#..#
#.##...#..#.....!#..#
#..#...#..#......#..#
'###...'..'......#..#
...#...#..'.....⌠#..#
#'##...'..'......#..#
†..#...#..#......#..#


You could see Tappu's ghost (strong, agile) and jejorda2's ghost (fast, agile).

Vanquished Creatures
  Saint Roka (Snake:2)
  Vashnia (Snake:2)
  Rupert (D:13)
  The ghost of HilariousDeathArtist the Devastator, an adept TeWz of Vehumet (Vaults:1)
  Mlioglotl (Snake:1)
  2 quicksilver dragons (Snake:4)
  Gastronok (Lair:3)
  A kraken (Shoals:3)
  Polyphemus (Shoals:2)
  A storm dragon (D:14)
  2 sphinxes (Shoals:4)
  2 tengu reavers
  4 nagarajas
  2 orc warlords
  A vault warden (Vaults:1)
  6 ironbound preservers (Vaults:1)
  3 stone giants
  4 war gargoyles (Vaults:1)
  An entropy weaver (Vaults:1)
  2 minotaurs (Shoals:4)
  A dire elephant (Vaults:1)
  An ettin (Orc:2)
  4 merfolk impalers
  A merfolk javelineer (Shoals:4)
  A yaktaur captain (Vaults:1)
  Josephine (D:15)
  3 salamander tyrants
  Fannar (D:10)
  An ironbound thunderhulk (Vaults:1)
  Harold (Orc:1)
  3 vault guards (Vaults:1)
  A catoblepas (Shoals:1)
  2 peacekeepers (Vaults:1)
  2 death knights
  11 hydras
  4 boulder beetles
  8 anacondas
  13 centaur warriors
  Erica (Lair:1)
  6 satyrs (Shoals:4)
  15 naga warriors
  An ogre mage (Orc:1)
  2 merfolk avatars
  An alligator snapping turtle (Shoals:4)
  2 merfolk aquamancers
  6 two-headed ogres
  A tengu warrior (D:13)
  2 death yaks (Shoals:1)
  Urug (Lair:2)
  An ironbound beastmaster (Vaults:1)
  3 orc high priests (Orc:2)
  Sonja (Lair:4)
  13 naga sharpshooters
  5 shock serpents
  A fire crab (Lair:4)
  5 salamander mystics
  13 sea snakes
  22 deep trolls (Vaults:1)
  A goliath frog (Lair:6)
  5 naga ritualists
  2 wizards (Vaults:1)
  A necromancer (Vaults:1)
  A deep elf pyromancer (D:14)
  An orb spider (D:10)
  4 ironbound convokers (Vaults:1)
  9 orc knights
  A phantasmal warrior (D:14)
  16 fauns
  7 mana vipers
  6 orc sorcerers
  32 harpies
  15 ugly things
  A harpy (shapeshifter) (Vaults:1)
  An oklob plant (Lair:4)
  26 manticores
  11 cyclopes
  A shining eye (shapeshifter) (Lair:6)
  Maurice (D:10)
  15 salamanders
  A human skeleton (Vaults:1)
  24 elephants
  7 guardian serpents
  3 vault sentinels (Vaults:1)
  20 naga magi
  30 black mambas
  7 merfolk sirens
  A cane toad (shapeshifter) (D:14)
  2 gargoyles
  2 torpor snails
  Joseph (D:10)
  5 water nymphs
  2 unseen horrors
  18 cane toads
  Maggie (D:7)
  2 efreet (D:13)
  3 yaktaurs (Vaults:1)
  4 rime drakes
  2 yaktaurs (shapeshifter) (Snake:1)
  2 tengu conjurers (D:11)
  11 komodo dragons
  A yaktaur skeleton (Vaults:1)
  A jumping spider (Vaults:1)
  36 merfolk
  3 polar bears
  6 trolls
  A troll (shapeshifter) (D:15)
  15 slime creatures
  A tyrant leech (Lair:6)
  3 wind drakes
  30 blink frogs
  An ettin zombie (Vaults:1)
  8 dream sheep
  A dream sheep (shapeshifter) (Orc:2)
  11 snapping turtles
  A shadow (D:11)
  5 water elementals
  A redback (Vaults:1)
  A vampire (D:12)
  8 wraiths
  Eustachio (D:5)
  An elf zombie (Vaults:1)
  30 yaks
  5 wyverns
  17 humans
  6 basilisks
  3 steam dragons
  9 vampire mosquitoes
  9 wargs
  An acid dragon (D:13)
  39 nagas
  20 water moccasins
  A meliai simulacrum (D:15)
  2 ice beasts
  An ogre skeleton (Vaults:1)
  54 orc warriors
  2 black bears (D:11)
  12 centaurs
  3 necrophages
  17 ogres
  9 boggarts (Vaults:1)
  10 wolves
  A phantom (D:6)
  4 kobold brigands
  14 bullfrogs
  4 scorpions
  A hornet simulacrum (D:15)
  3 killer bees (D:8)
  7 wights
  An electric eel (Lair:6)
  A howler monkey (D:8)
  A bullfrog zombie (D:5)
  4 centaur zombies
  3 hounds
  30 orc priests
  A jelly (D:7)
  A centaur skeleton (D:6)
  Jessica (D:2)
  Ijyb (D:3)
  6 iguanas
  21 orc wizards
  A killer bee zombie (D:7)
  A howler monkey zombie (D:8)
  4 gnolls (D:7)
  10 adders
  8 river rats
  A white imp (D:7)
  6 worms
  4 dart slugs
  111 orcs
  16 endoplasms
  2 giant cockroaches (D:4)
  11 goblins
  8 hobgoblins
  7 jackals
  12 kobolds
  A quokka (D:2)
  8 ball pythons
  2 bats (D:1)
  A frilled lizard (D:1)
  19 rats
  4 tentacles (Shoals:3)
1232 creatures vanquished.

Vanquished Creatures (collateral kills)
  Aizul (Snake:4)
  A hydra (D:10)
  An ironbound convoker (Vaults:1)
  An ugly thing (D:14)
  A naga mage (Snake:4)
  A blink frog (Lair:5)
  A naga (Snake:4)
  2 ogres (Orc:1)
  An orc (D:3)
  A rat (D:3)
11 creatures vanquished.

Vanquished Creatures (others)
  A dancing weapon (Shoals:2)
  A goliath frog (Lair:6)
  A harpy (Shoals:1)
  An orc knight (Orc:1)
  A manticore (Shoals:4)
  An elephant (Lair:5)
  A naga (Snake:3)
  A wolf (Lair:5)
  A centaur (D:4)
  An orc wizard (Orc:1)
  61 fungi
  181 plants
  9 tentacles (Shoals:3)
  4 withered plants
265 creatures vanquished.

Grand Total: 1508 creatures vanquished

Notes
Turn   | Place    | Note
-------+----------+-------------------------------------------
     0 | D:1      | SkeletonJelly the Formicid Chaos Knight began the quest for
                  | the Orb.
     0 | D:1      | Reached XP level 1. HP: 18/18 MP: 1/1
    18 | D:1      | Reached skill level 1 in Dodging
   127 | D:1      | Reached XP level 2. HP: 24/24 MP: 2/2
   262 | D:1      | Reached XP level 3. HP: 29/29 MP: 3/3
   513 | D:1      | XOM: silly message
   555 | D:1      | Found Weecy's Book Shoppe.
   588 | D:1      | XOM is BORED!
   588 | D:1      | XOM: silly message
   594 | D:1      | XOM: silly message
   644 | D:1      | XOM: silly message
   694 | D:1      | XOM: divination: magic mapping
   799 | D:1      | XOM: give mutations
   799 | D:1      | Gained mutation: Armour fits poorly on your strangely
                  | shaped body. [Xom's mischief]
   799 | D:1      | Gained mutation: You are dopey. (Int -2) [Xom's mischief]
   799 | D:1      | Gained mutation: You are frail. (-10% HP) [Xom's mischief]
   868 | D:2      | Noticed Jessica
   869 | D:2      | XOM: smoke on damage
   881 | D:2      | Reached XP level 4. HP: 31/31 MP: 4/4
   882 | D:2      | Killed Jessica
  1077 | D:2      | Found Gonoirgh's Weapon Emporium.
  1101 | D:2      | Found Irphaasch's Antique Armour Shop.
  1104 | D:2      | Found Kymap's Distillery.
  1134 | D:2      | Found Qyusk's Jewellery Boutique.
  1203 | D:2      | Reached skill level 5 in Long Blades
  1318 | D:2      | Found a faded altar of an unknown god.
  1518 | D:3      | XOM: silly message
  1520 | D:3      | Reached XP level 5. HP: 36/36 MP: 5/5
  1523 | D:3      | XOM: summons friendly quasit
  1605 | D:3      | XOM: polymorph quasit -> iron imp
  1628 | D:3      | XOM: scenery: 1 doors open
  1706 | D:3      | Noticed Ijyb
  1710 | D:3      | Killed Ijyb
  1771 | D:3      | XOM: give mutations
  1771 | D:3      | Gained mutation: You sometimes lose the ability to read
                  | scrolls when taking damage. [Xom's mischief]
  1771 | D:3      | Gained mutation: You are very dopey. (Int -4) [Xom's
                  | mischief]
  1771 | D:3      | Lost mutation: Armour fits poorly on your strangely shaped
                  | body. [Xom's mischief]
  1771 | D:3      | Lost mutation: You sometimes lose the ability to read
                  | scrolls when taking damage. [Xom's mischief]
  1975 | D:3      | XOM: scenery: 1 doors close
  2181 | D:3      | Found a runed translucent door.
  2181 | D:3      | Noticed pigah's ghost (novice OpWn)
  2194 | D:3      | XOM: god gift: halberd {god gift}
  2205 | D:3      | XOM: cloud trail
  2247 | D:3      | XOM is BORED!
  2474 | D:4      | Noticed an ogre
  2478 | D:4      | XOM: cleaving
  2481 | D:4      | Noticed a centaur
  2481 | D:4      | an ogre changed into a centaur
  2481 | D:4      | XOM: polymorph ogre -> centaur
  2488 | D:4      | Killed a centaur
  2488 | D:4      | XOM: divine lightning
  2489 | D:4      | Reached XP level 6. HP: 28/42 MP: 6/6
  2525 | D:4      | XOM: smoke on damage
  2706 | D:4      | Identified the +7 dagger of Idikhixkio {antimagic, rN+
                  | Will+}
  2843 | D:4      | XOM: god gift: 35 gold pieces
  2843 | D:4      | Xom revived you
  2853 | D:4      | Found a glowing drain.
  2858 | Sewer    | Entered a sewer
  2948 | Sewer    | Identified the +8 fustibalus of Gizogaq {flame, Dex+4} (Xom
                  | gifted it to you in a sewer)
  2948 | Sewer    | XOM: god gift: +8 fustibalus of Gizogaq {chaos, Dex+4}
  3222 | Sewer    | XOM: cast spell 'Summon Hydra'
  3232 | Sewer    | Reached XP level 7. HP: 11/46 MP: 7/7
  3553 | Sewer    | XOM: cloud trail
  3678 | Sewer    | XOM: fog
  3690 | Sewer    | XOM: god gift: glowing battleaxe {god gift}
  3895 | Sewer    | XOM: confuse monster(s)
  4010 | Sewer    | XOM: fake destruction
  4691 | D:4      | XOM: stat loss: -1 Int (7/8)
  4692 | D:4      | Reached skill level 1 in Slings
  5271 | D:4      | XOM: scenery: summon butterflies
  5555 | D:5      | Entered Level 5 of the Dungeon
  5581 | D:5      | Found a staircase to the Ecumenical Temple.
  6056 | D:5      | Reached XP level 8. HP: 52/52 MP: 8/8
  6109 | D:5      | XOM: cloud trail
  6310 | D:5      | XOM: god gift: 14 gold pieces
  6321 | D:5      | Noticed Eustachio
  6324 | D:5      | Killed Eustachio
  6332 | D:5      | XOM: torment (27/52 hp)
  6550 | D:5      | XOM: summons 1 hostile shadow creature
  6841 | D:5      | Reached skill level 5 in Slings
  7205 | D:6      | Reached XP level 9. HP: 56/57 MP: 9/9
  7479 | D:6      | XOM: give mutations
  7479 | D:6      | Gained mutation: You occasionally shout uncontrollably at
                  | your foes. [Xom's mischief]
  7479 | D:6      | Gained mutation: You are clumsy. (Dex -2) [Xom's mischief]
  7521 | D:6      | Found Fugaxt's Jewellery Emporium.
  7909 | D:7      | Noticed Maggie
  7913 | D:7      | Killed Maggie
  7919 | D:7      | Reached skill level 10 in Slings
  7970 | D:7      | Noticed an unseen horror
  7972 | D:7      | Killed an unseen horror
  8218 | D:7      | XOM: swap monsters
  8226 | D:7      | Reached skill level 1 in Shields
  8463 | D:8      | Reached XP level 10. HP: 51/63 MP: 10/10
  8698 | D:8      | XOM: chaos cloud
  9320 | D:8      | XOM: give mutations
  9320 | D:8      | Lost mutation: You occasionally shout uncontrollably at
                  | your foes. [Xom's mischief]
  9320 | D:8      | Gained mutation: You are weak. (Str -2) [Xom's mischief]
  9320 | D:8      | Lost mutation: You are frail. (-10% HP) [Xom's mischief]
  9320 | D:8      | Gained mutation: You are frail. (-10% HP) [Xom's mischief]
 10023 | D:9      | XOM: give mutations
 10023 | D:9      | Lost mutation: You are weak. (Str -2) [Xom's mischief]
 10023 | D:9      | Gained mutation: You are very frail. (-20% HP) [Xom's
                  | mischief]
 10023 | D:9      | Lost mutation: You are very frail. (-20% HP) [Xom's
                  | mischief]
 10312 | D:9      | XOM: confusion
 10329 | D:9      | Found a shimmering blue altar of Sif Muna.
 10382 | D:9      | XOM: summons 4 hostile demons
 10481 | D:9      | XOM: stat loss: -1 Str (19/20)
 10541 | D:10     | Entered Level 10 of the Dungeon
 10675 | D:10     | Noticed Joseph
 10677 | D:10     | XOM: smoke on damage
 10684 | D:10     | Killed Joseph
 10839 | D:10     | Noticed Fannar
 10840 | D:10     | XOM: cleaving
 10842 | D:10     | XOM: summons friendly sun demon
 10850 | D:10     | Killed Fannar
 11056 | D:10     | XOM: cleaving
 11067 | D:10     | Noticed an orb spider
 11067 | D:10     | a troll changed into an orb spider
 11070 | D:10     | Killed an orb spider
 11071 | D:10     | Reached skill level 4 in Fighting
 11071 | D:10     | Reached XP level 11. HP: 49/69 MP: 11/11
 11324 | D:10     | XOM: confusion (+ monsters)
 11361 | D:10     | Noticed Maurice
 11365 | D:10     | XOM: enchant monster (bad)
 11367 | D:10     | Killed Maurice
 11368 | D:10     | Reached skill level 5 in Fighting
 11417 | D:10     | Reached skill level 6 in Fighting
 11560 | D:10     | Noticed a five-headed hydra
 11571 | D:10     | Killed a seven-headed hydra
 11572 | D:10     | Reached skill level 7 in Fighting
 11727 | D:10     | XOM: silly message
 11799 | D:11     | Reached skill level 8 in Fighting
 11887 | D:10     | XOM: cloud trail
 11915 | D:11     | Found a staircase to the Orcish Mines.
 11930 | D:11     | XOM: silly message
 11978 | D:11     | XOM: divination: detect creatures
 12019 | D:11     | Reached skill level 9 in Fighting
 12116 | D:11     | Found a staircase to the Lair.
 12317 | D:11     | XOM: potion effect (invisibility)
 12319 | D:11     | XOM: silly message
 12322 | D:11     | Reached skill level 10 in Fighting
 12384 | D:11     | Found Boirphid's Antique Weapon Shoppe.
 12488 | D:11     | XOM: give mutations
 12488 | D:11     | Lost mutation: You are very dopey. (Int -4) [Xom's
                  | mischief]
 12488 | D:11     | Gained mutation: You sometimes lose the ability to read
                  | scrolls when taking damage. [Xom's mischief]
 12497 | D:11     | XOM: butterfly on damage
 12506 | D:11     | XOM: god gift: scroll labelled CEGGUR WACIRY {god gift}
 12511 | D:11     | Reached XP level 12. HP: 41/89 MP: 12/12
 12621 | D:11     | XOM: divination: detect creatures
 12625 | D:11     | Reached skill level 11 in Fighting
 12873 | D:11     | XOM: give mutations
 12873 | D:11     | Gained mutation: You have sharp toenails. [Xom's grace]
 12873 | D:11     | Gained mutation: You have razor-sharp toenails. [Xom's
                  | grace]
 12873 | D:11     | Gained mutation: Your flesh is cold resistant. (rC+) [Xom's
                  | grace]
 12873 | D:11     | Gained mutation: You passively map a small area around you.
                  | [Xom's grace]
 12920 | Lair:1   | Entered Level 1 of the Lair of Beasts
 12963 | Lair:1   | Noticed a seven-headed hydra
 12967 | Lair:1   | Killed a seven-headed hydra
 12996 | Lair:1   | XOM: fake destruction
 12997 | Lair:1   | XOM: potion effect (invisibility)
 13011 | Lair:1   | Reached skill level 12 in Fighting
 13016 | Lair:1   | Noticed a five-headed hydra
 13027 | Lair:1   | Killed a five-headed hydra
 13099 | Lair:1   | Reached skill level 5 in Armour
 13194 | Lair:1   | XOM: god gift: wand of mindburst (11)
 13438 | Lair:1   | XOM: give mutations
 13438 | Lair:1   | Gained mutation: Your system is resistant to poisons.
                  | (rPois) [Xom's grace]
 13438 | Lair:1   | Gained mutation: Your flesh is very cold resistant. (rC++)
                  | [Xom's grace]
 13484 | Lair:1   | Noticed Erica
 13485 | Lair:1   | XOM: smoke on damage
 13490 | Lair:1   | Killed Erica
 13803 | Lair:1   | XOM: scenery: summon butterflies
 13978 | Lair:2   | XOM: scenery: create altars
 14038 | Lair:2   | XOM: give mutations
 14038 | Lair:2   | Gained mutation: Your natural rate of healing is unusually
                  | fast. [Xom's grace]
 14038 | Lair:2   | Gained mutation: Your flesh is heat resistant. (rF+) [Xom's
                  | grace]
 14158 | Lair:2   | XOM: fake destruction
 14159 | Lair:2   | XOM: divination: detect creatures
 14170 | Lair:2   | XOM: potion effect (invisibility)
 14320 | Lair:2   | Noticed Urug
 14336 | Lair:2   | Killed Urug
 14337 | Lair:2   | Reached XP level 13. HP: 31/97 MP: 13/13
 14354 | Lair:2   | XOM: enchant monster (good)
 14382 | Lair:2   | Reached skill level 10 in Armour
 14638 | Lair:2   | XOM: give mutations
 14638 | Lair:2   | Lost mutation: You are dopey. (Int -2) [Xom's mischief]
 14638 | Lair:2   | Gained mutation: Your muscles are strong. (Str +2) [Xom's
                  | mischief]
 14670 | Lair:2   | XOM: divination: magic mapping
 14676 | Lair:2   | XOM: give mutations
 14676 | Lair:2   | Lost mutation: You are clumsy. (Dex -2) [Xom's grace]
 14676 | Lair:2   | Gained mutation: You are resistant to electric shocks.
                  | (rElec) [Xom's grace]
 14676 | Lair:2   | Gained mutation: You are agile. (Dex +2) [Xom's grace]
 14698 | Lair:2   | XOM: give mutations
 14698 | Lair:2   | Lost mutation: You sometimes lose the ability to read
                  | scrolls when taking damage. [Xom's mischief]
 14698 | Lair:2   | Lost mutation: Your muscles are strong. (Str +2) [Xom's
                  | mischief]
 14847 | Lair:2   | Identified the +9 hunting sling "Ima Jum" {vorpal, rF+
                  | Stlth+}
 14884 | Lair:2   | XOM: summons 1 hostile shadow creature
 15013 | Lair:3   | XOM: god gift: 25 gold pieces
 15022 | Lair:3   | Noticed Gastronok
 15039 | Lair:3   | Killed Gastronok
 15078 | Lair:3   | XOM: confuse monster(s)
 15119 | Lair:3   | XOM: fog
 15137 | Lair:3   | Noticed a six-headed hydra
 15142 | Lair:3   | Killed a six-headed hydra
 15159 | Lair:3   | XOM: confuse monster(s)
 15164 | Lair:3   | Reached skill level 5 in Shields
 15269 | Lair:3   | Noticed a five-headed hydra
 15280 | Lair:3   | XOM: cast spell 'Olgreb's Toxic Radiance'
 15288 | Lair:3   | Killed a five-headed hydra
 15329 | Lair:3   | XOM: confuse monster(s)
 15501 | Lair:3   | Identified a scroll of acquirement
 15611 | Lair:3   | Found a staircase to the Shoals.
 15703 | Lair:3   | Found a staircase to the Snake Pit.
 15968 | Lair:4   | Noticed a five-headed hydra
 15975 | Lair:4   | Killed a five-headed hydra
 16109 | Lair:4   | XOM: summons 1 hostile demon
 16252 | Lair:4   | Noticed Sonja
 16254 | Lair:4   | XOM: silly message
 16258 | Lair:4   | Killed Sonja
 16325 | Lair:4   | XOM: god gift: hand axe {god gift}
 16344 | Lair:4   | XOM: cleaving
 16354 | Lair:4   | Reached XP level 14. HP: 103/103 MP: 14/14
 16507 | Lair:4   | XOM: give mutations
 16507 | Lair:4   | Lost mutation: You are frail. (-10% HP) [Xom's mischief]
 16507 | Lair:4   | Lost mutation: You have razor-sharp toenails. [Xom's
                  | mischief]
 16507 | Lair:4   | Lost mutation: You have sharp toenails. [Xom's mischief]
 16530 | Lair:4   | Reached skill level 10 in Shields
 16684 | Lair:4   | XOM: swap monsters
 16812 | Lair:4   | XOM: give mutation
 16812 | Lair:4   | Gained mutation: You are frail. (-10% HP) [Xom's mischief]
 16905 | Lair:4   | XOM: smoke on damage
 17081 | Lair:4   | XOM: stat loss: -1 Dex (15/16)
 17297 | Lair:5   | Found a staircase to the Slime Pits.
 17332 | Lair:5   | XOM: polymorph wolf -> water moccasin
 17456 | Lair:5   | Identified the +1 cloak of Evolution {Stlth+}
 17510 | Lair:5   | XOM: fake destruction
 17607 | Lair:5   | XOM: cast spell 'Chain of Chaos'
 17609 | Lair:5   | Identified the +0 pair of gloves "Taodyara" {rCorr}
 17628 | Lair:5   | XOM: blink monster(s)
 17630 | Lair:5   | XOM: butterfly on damage
 17666 | Lair:5   | XOM: fog
 17670 | Lair:5   | XOM: polymorph butterfly -> steam dragon
 17674 | Lair:5   | XOM: swap monsters
 17693 | Lair:5   | XOM: summons friendly iron imp
 17730 | Lair:5   | XOM: summons friendly quasit
 18052 | Lair:5   | XOM: enchant monster (good)
 18108 | Lair:5   | Found a viscous altar of Jiyva.
 18135 | Lair:5   | XOM: give mutations
 18135 | Lair:5   | Gained mutation: You are dopey. (Int -2) [Xom's mischief]
 18135 | Lair:5   | Lost mutation: Your natural rate of healing is unusually
                  | fast. [Xom's mischief]
 18135 | Lair:5   | Lost mutation: You are resistant to electric shocks.
                  | (rElec) [Xom's mischief]
 18135 | Lair:5   | Lost mutation: You are frail. (-10% HP) [Xom's mischief]
 18281 | Lair:5   | XOM: torment (59/115 hp)
 18295 | Lair:5   | Identified the +5 ring mail of Disguise {rElec rF++}
 18389 | Lair:6   | Entered Level 6 of the Lair of Beasts
 18572 | Lair:6   | XOM: noise
 18577 | Lair:6   | XOM: stat loss: -1 Dex (15/16)
 18584 | Lair:6   | XOM: chaos cloud
 18669 | Lair:6   | XOM: cleaving
 18671 | Lair:6   | Reached skill level 15 in Shields
 18844 | Lair:6   | Reached XP level 15. HP: 120/120 MP: 15/15
 19045 | Lair:6   | XOM: scenery: create altars
 19083 | Lair:6   | XOM: god gift: 38 gold pieces
 19100 | Lair:6   | XOM: give mutation
 19100 | Lair:6   | Gained mutation: You are very dopey. (Int -4) [Xom's
                  | mischief]
 19150 | Lair:6   | XOM: scenery: create altars
 19307 | Lair:6   | Reached skill level 5 in Dodging
 19410 | Lair:6   | XOM: destruction
 19541 | Lair:6   | XOM: give mutation
 19541 | Lair:6   | Gained mutation: You possess an exceptional clarity of
                  | mind. [Xom's grace]
 19572 | Lair:6   | Got A Thorough Guide to Spellweaving
 19937 | Lair:6   | XOM: silly message
 20393 | Lair:6   | XOM: scenery: summon butterflies
 20498 | Lair:1   | XOM: torment (61/120 hp)
 20505 | Lair:1   | XOM: give mutations
 20505 | Lair:1   | Gained mutation: You are very agile. (Dex +4) [Xom's grace]
 20505 | Lair:1   | Gained mutation: Your spells are a little harder to cast,
                  | but a little more powerful. [Xom's grace]
 20536 | Orc:1    | Entered Level 1 of the Orcish Mines
 20571 | D:11     | XOM: god gift: 48 gold pieces
 20756 | Orc:1    | XOM: enchant monster (good)
 20924 | Orc:1    | XOM: scenery: create altars
 20989 | Orc:1    | XOM: scenery: summon butterflies
 21172 | Orc:1    | XOM: scenery: create altars
 21188 | Orc:1    | XOM: silly message
 21342 | Orc:2    | Entered Level 2 of the Orcish Mines
 21408 | Orc:1    | XOM: polymorph orc -> kobold
 21546 | Orc:2    | XOM: swap monsters
 21779 | Orc:2    | Noticed an orc warlord
 21797 | Orc:2    | XOM: god gift: potion of invisibility
 21806 | Orc:2    | Killed an orc warlord
 21816 | Orc:2    | XOM: give mutations
 21816 | Orc:2    | Lost mutation: You are very agile. (Dex +4) [Xom's
                  | mischief]
 21816 | Orc:2    | Gained mutation: You occasionally shout uncontrollably at
                  | your foes. [Xom's mischief]
 21973 | Orc:2    | XOM: confuse monster(s)
 21980 | Orc:2    | Found Agyj's Antique Weapon Shoppe.
 22048 | Orc:2    | Found Empippev's Armour Shop.
 22056 | Orc:2    | XOM: noise
 22116 | Orc:2    | XOM: silly message
 22140 | Orc:2    | XOM: enchant monster (good)
 22143 | Orc:2    | Gained mutation: You are weak. (Str -2) [a neqoxec]
 22345 | Orc:2    | Found a staircase to the Elven Halls.
 22380 | Orc:2    | Identified the amulet "Umakeluj" {Fly Regen+ SInv} (Xom
                  | gifted it to you on level 2 of the Orcish Mines)
 22380 | Orc:2    | XOM: god gift: amulet "Umakeluj" {Fly Regen+ SInv}
 22442 | Orc:2    | XOM: god gift: 17 stones
 22577 | Orc:2    | XOM: summons friendly white imp
 22582 | Orc:2    | Reached skill level 10 in Dodging
 22829 | Orc:2    | Reached XP level 16. HP: 127/127 MP: 16/16
 23032 | Orc:2    | Found Zaleh's Armour Emporium.
 23130 | Orc:2    | Found Ysurph's General Store.
 23515 | Orc:2    | XOM: give mutations
 23515 | Orc:2    | Gained mutation: Your flesh is almost immune to the effects
                  | of cold. (rC+++) [Xom's grace]
 23515 | Orc:2    | Gained mutation: You have hidden genetic potential. [Xom's
                  | grace]
 23525 | Orc:2    | Bought a +1 pair of boots of flying for 181 gold pieces
 24040 | Orc:1    | Noticed Harold
 24046 | Orc:1    | Killed Harold
 24078 | Orc:1    | XOM: god gift: potion of curing
 24391 | D:12     | XOM: scenery: summon butterflies
 24412 | D:12     | Found Zyhu's Weapon Shop.
 24943 | D:13     | Noticed Rupert
 24943 | D:13     | Found a gate to the Vaults.
 24982 | D:13     | XOM: scenery: summon butterflies
 25061 | D:13     | XOM: summons friendly iron imp
 25099 | D:13     | Found Boffupun's Weapon Emporium.
 25208 | D:13     | Killed Rupert
 25224 | D:13     | Reached skill level 1 in Evocations
 25293 | D:13     | XOM: fake destruction
 25514 | D:13     | Found Vumm's Magic Scroll Emporium.
 25559 | D:13     | Found Netwau's Armour Shoppe.
 25597 | D:13     | Found a flagged portal.
 25609 | Bailey   | Entered a bailey
 25771 | Bailey   | Reached XP level 17. HP: 135/135 MP: 17/17
 25793 | Bailey   | Got the Disquisition on Twisted Transformation
 25822 | Bailey   | XOM: scenery: summon butterflies
 26229 | D:14     | XOM: fog
 26272 | D:14     | Noticed a tengu reaver
 26273 | D:14     | Found the ring of the Hare {EV+8}
 26274 | D:14     | Noticed a storm dragon
 26286 | D:14     | Killed a tengu reaver
 26296 | D:14     | XOM: summons 4 friendly demons
 26308 | D:14     | XOM: scenery: create altars
 26314 | D:14     | Killed a storm dragon
 26315 | D:14     | Reached skill level 13 in Fighting
 26686 | D:14     | XOM: summons friendly white imp
 26692 | D:14     | XOM: summons friendly white imp
 26697 | D:14     | XOM: divination: detect creatures
 26761 | D:14     | XOM: cloud trail
 27206 | D:14     | XOM: give mutations
 27206 | D:14     | Lost mutation: Your spells are a little harder to cast, but
                  | a little more powerful. [Xom's mischief]
 27206 | D:14     | Lost mutation: You passively map a small area around you.
                  | [Xom's mischief]
 27206 | D:14     | Lost mutation: You are agile. (Dex +2) [Xom's mischief]
 27317 | D:14     | Found a shadowy altar of Dithmenos.
 27390 | D:15     | Entered Level 15 of the Dungeon
 27441 | D:15     | Noticed Josephine
 27442 | D:15     | XOM: divination: detect items
 27447 | D:15     | Killed Josephine
 27464 | D:15     | XOM: summons 4 friendly demons
 27505 | D:15     | Reached XP level 18. HP: 131/145 MP: 18/18
 27523 | D:15     | Gained mutation: You have sharp toenails. [hidden
                  | potential]
 27577 | D:15     | XOM: noise
 27604 | D:15     | XOM: god gift: book of Air
 27604 | D:15     | Found a staircase to the Depths.
 27629 | D:15     | XOM: noise
 27786 | D:15     | Reached skill level 14 in Fighting
 28055 | D:15     | XOM: silly message
 28212 | D:15     | XOM: silly message
 28303 | D:14     | XOM: silly message
 28385 | D:11     | XOM: divination: detect creatures
 28463 | Shoals:1 | Entered Level 1 of the Shoals
 28495 | Shoals:1 | XOM: summons 7 hostile demons
 28567 | Shoals:1 | XOM: fog
 29028 | Shoals:1 | XOM: give mutations
 29028 | Shoals:1 | Lost mutation: Your flesh is heat resistant. (rF+) [Xom's
                  | mischief]
 29028 | Shoals:1 | Gained mutation: You sometimes lose the ability to read
                  | scrolls when taking damage. [Xom's mischief]
 29028 | Shoals:1 | Lost mutation: You have sharp toenails. [Xom's mischief]
 29051 | Shoals:1 | XOM: noise
 29053 | Shoals:1 | Reached skill level 15 in Fighting
 29240 | Shoals:1 | XOM: divination: detect items
 29341 | Shoals:1 | XOM: potion effect (might)
 29463 | Shoals:1 | Reached skill level 10 in Evocations
 29599 | Shoals:2 | Noticed Polyphemus
 29618 | Shoals:2 | XOM: divination: magic mapping
 29622 | Shoals:1 | XOM: cleaving
 29635 | Shoals:1 | XOM: enchant monster (good)
 29641 | Shoals:1 | XOM: enchant monster (good)
 29650 | Shoals:1 | XOM: give mutation
 29650 | Shoals:1 | Gained mutation: You are frail. (-10% HP) [Xom's mischief]
 29686 | Shoals:2 | XOM: confuse monster(s)
 29698 | Shoals:2 | Killed Polyphemus
 29727 | Shoals:2 | XOM: divination: detect items
 29800 | Shoals:2 | XOM: potion effect (brilliance)
 30184 | Shoals:1 | XOM: silly message
 30208 | Shoals:2 | XOM: silly message
 30384 | Shoals:2 | Reached skill level 16 in Fighting
 30532 | Shoals:2 | Acquired 1007 gold pieces
 30668 | Shoals:2 | XOM: god gift: hunting sling {god gift}
 30684 | Shoals:2 | XOM: scenery: summon butterflies
 31684 | Shoals:2 | Upgraded the game from 0.28-a0-381-g937acc2988 to
                  | 0.28-a0-384-g9e0c098162
 31972 | Shoals:2 | XOM: divination: detect items
 31986 | Shoals:3 | XOM: cast spell 'Metabolic Englaciation'
 31995 | Shoals:3 | Reached XP level 19. HP: 123/143 MP: 19/19
 32125 | Shoals:3 | Gained mutation: You have large cloven feet. [hidden
                  | potential]
 32125 | Shoals:3 | Lost mutation: You have hidden genetic potential. [hidden
                  | potential expressed]
 32213 | Shoals:3 | XOM: god gift: Xom's Volume of Fixation {god gift}
 32603 | Shoals:3 | XOM: give mutations
 32603 | Shoals:3 | Lost mutation: You possess an exceptional clarity of mind.
                  | [Xom's mischief]
 32603 | Shoals:3 | Gained mutation: Your spells are a little easier to cast,
                  | but a little less powerful. [Xom's mischief]
 32603 | Shoals:3 | Gained mutation: Your body sometimes deteriorates upon
                  | taking damage. [Xom's mischief]
 32739 | Shoals:3 | XOM: god gift: 10 arrows
 32914 | Shoals:3 | XOM: give mutation
 32914 | Shoals:3 | Lost mutation: Your body sometimes deteriorates upon taking
                  | damage. [Xom's mischief]
 33004 | Shoals:4 | XOM: noise
 33004 | Shoals:4 | Entered Level 4 of the Shoals
 33005 | Shoals:4 | XOM: summons 13 friendly demons
 33145 | Shoals:3 | XOM: give mutation
 33145 | Shoals:3 | Gained mutation: You have hoof-like feet. [Xom's grace]
 33156 | Shoals:3 | XOM: scenery: summon butterflies
 33162 | Shoals:4 | XOM: god gift: scroll of vulnerability
 33258 | Shoals:4 | Reached skill level 17 in Fighting
 33273 | Shoals:4 | XOM: smoke on damage
 33531 | Shoals:3 | XOM: give mutation
 33531 | Shoals:3 | Gained mutation: You are partially covered in iridescent
                  | scales. (AC +2) [Xom's grace]
 33887 | Shoals:4 | XOM: silly message
 34293 | Shoals:4 | Reached skill level 18 in Fighting
 34332 | Shoals:4 | XOM: god gift: smoking falchion {god gift}
 34332 | Shoals:4 | Identified the +3 falchion "Suqujorgh" {holy, rF+ MP+9
                  | SInv} (Xom gifted it to you on level 4 of the Shoals)
 34456 | Shoals:4 | XOM: give mutation
 34456 | Shoals:4 | Lost mutation: You are partially covered in iridescent
                  | scales. (AC +2) [Xom's mischief]
 34528 | Shoals:4 | XOM: polymorph minotaur -> minotaur
 34744 | Shoals:4 | Got a barnacled rune of Zot
 34940 | Shoals:4 | XOM: enchant monster (good)
 35042 | Shoals:4 | XOM: scenery: summon butterflies
 35233 | Shoals:4 | XOM: god gift: 21 stones
 35291 | Shoals:4 | Identified the +3 leather armour of the Solstice {Contam
                  | rF+ rC+++}
 35464 | Snake:1  | Entered Level 1 of the Snake Pit
 35464 | Snake:1  | XOM: enchant monster (good)
 35530 | Snake:1  | XOM: summons friendly quasit
 35886 | Snake:1  | Noticed Mlioglotl
 35899 | Snake:1  | Killed Mlioglotl
 36029 | Snake:1  | XOM: god gift: +1 fustibalus of freezing
 36056 | Snake:1  | XOM: scenery: create altars
 36501 | Snake:1  | Identified the +1 scale mail of the Harvest {rF++ rN+ Will+
                  | Int-3}
 36583 | Snake:2  | Reached skill level 19 in Fighting
 36600 | Snake:1  | XOM: cleaving
 36632 | Snake:1  | XOM: give mutations
 36632 | Snake:1  | Gained mutation: You are agile. (Dex +2) [Xom's grace]
 36632 | Snake:1  | Gained mutation: Your flesh is heat resistant. (rF+) [Xom's
                  | grace]
 36632 | Snake:1  | Lost mutation: You are frail. (-10% HP) [Xom's grace]
 36684 | Snake:1  | XOM: god gift: staff of fire
 36826 | Snake:2  | Noticed Vashnia
 36897 | Snake:2  | XOM: divination: magic mapping
 36903 | Snake:2  | XOM: scenery: summon butterflies
 36924 | Snake:2  | XOM: polymorph naga sharpshooter -> shapeshifter
 37142 | Snake:1  | Reached XP level 20. HP: 169/174 MP: 20/20
 37183 | Snake:2  | XOM: summons 4 friendly demons
 37199 | Snake:2  | Killed Vashnia
 37573 | Snake:2  | XOM: divination: detect items
 37582 | Snake:2  | XOM: noise
 37624 | Snake:2  | XOM: summons 3 friendly demons
 37660 | Snake:1  | XOM: summons 3 hostile demons
 37973 | Snake:2  | Reached skill level 20 in Fighting
 38213 | Snake:2  | Found Zaeps's Antique Weapon Shop.
 38289 | Snake:2  | Noticed Saint Roka
 38290 | Snake:2  | XOM: enchant monster (bad)
 38298 | Snake:2  | XOM: potion effect (curing)
 38316 | Snake:2  | Killed Saint Roka
 38338 | Snake:2  | XOM: silly message
 38673 | Snake:2  | XOM: noise
 38763 | Snake:2  | Found Katurio's Distillery.
 38763 | Snake:2  | Found Uhuet's Book Shop.
 38934 | Snake:3  | XOM: noise
 39063 | Snake:3  | Found a shimmering altar of Xom.
 39081 | Snake:3  | XOM: cloud trail
 39129 | Snake:3  | XOM: destruction
 39130 | Snake:3  | XOM: snakes to sticks
 39142 | Snake:3  | XOM: potion effect (heal wounds)
 39150 | Snake:3  | XOM: enchant monster (good)
 39156 | Snake:3  | XOM: polymorph naga warrior -> komodo dragon
 39502 | Snake:3  | XOM: give mutations
 39502 | Snake:3  | Lost mutation: You are very dopey. (Int -4) [Xom's grace]
 39502 | Snake:3  | Lost mutation: You are weak. (Str -2) [Xom's grace]
 39502 | Snake:3  | Gained mutation: You expend magic power (3 MP) to
                  | strengthen your wands. [Xom's grace]
 39502 | Snake:3  | Lost mutation: You are dopey. (Int -2) [Xom's grace]
 39869 | Snake:3  | XOM: destruction
 39892 | Snake:3  | XOM: polymorph naga warrior -> merfolk
 39924 | Snake:3  | XOM: divination: detect items
 39934 | Snake:3  | Identified the +6 scale mail "Oppierphe" {Harm +Blink Int-2
                  | Dex+2}
 40037 | Snake:3  | XOM: god gift: 27 sling bullets
 40181 | Snake:4  | Entered Level 4 of the Snake Pit
 40249 | Snake:4  | Noticed Aizul
 40252 | Snake:4  | XOM: cast spell 'Summon Horrible Things'
 40263 | Snake:4  | Killed Aizul
 40268 | Snake:4  | Reached skill level 15 in Armour
 40495 | Snake:4  | XOM: divination: detect creatures
 40693 | Snake:4  | Reached XP level 21. HP: 183/183 MP: 21/21
 41007 | Snake:4  | XOM: summons 1 hostile shadow creature
 41284 | Snake:4  | XOM: swap monsters
 41397 | Snake:4  | XOM: noise
 41411 | Snake:4  | XOM: confuse monster(s)
 41412 | Snake:4  | XOM: potion effect (invisibility)
 41419 | Snake:4  | XOM: potion effect (invisibility)
 41426 | Snake:4  | XOM: summons 4 friendly demons
 41453 | Snake:4  | XOM: blink monster(s)
 41505 | Snake:4  | XOM: torment (60/183 hp)
 41809 | Snake:4  | XOM: cast spell 'Summon Mana Viper'
 41987 | Snake:4  | Got a serpentine rune of Zot
 42123 | Snake:4  | XOM: divination: detect creatures
 42127 | Snake:4  | XOM: silly message
 42402 | Snake:4  | XOM: give mutations
 42402 | Snake:4  | Lost mutation: You occasionally shout uncontrollably at
                  | your foes. [Xom's mischief]
 42402 | Snake:4  | Lost mutation: You sometimes lose the ability to read
                  | scrolls when taking damage. [Xom's mischief]
 42402 | Snake:4  | Gained mutation: You are dopey. (Int -2) [Xom's mischief]
 42402 | Snake:4  | Lost mutation: You are agile. (Dex +2) [Xom's mischief]
 42969 | Vaults:1 | Entered Level 1 of the Vaults
 43203 | Vaults:1 | Identified the amulet of Loiraz {Faith Str-5 Int+7}
 43303 | Vaults:1 | XOM: blink monster(s)
 43394 | Vaults:1 | XOM: noise
 43536 | Vaults:1 | XOM: fog
 43552 | Vaults:1 | XOM: scenery: 1 doors close
 43614 | Vaults:1 | XOM: fog
 43697 | Vaults:1 | XOM: confuse monster(s)
 43708 | Vaults:1 | XOM: destruction
 43710 | Vaults:1 | XOM: summons friendly shadow imp
 43716 | Vaults:1 | XOM: summons friendly smoke demon
 43777 | Vaults:1 | Found a runed translucent gate.
 43777 | Vaults:1 | Found a runed translucent gate.
 43777 | Vaults:1 | Found a runed translucent gate.
 43777 | Vaults:1 | Noticed HilariousDeathArtist's ghost (adept TeWz)
 43777 | Vaults:1 | Noticed Phlounder's ghost (adept HOFi)
 43778 | Vaults:1 | Noticed jejorda2's ghost (adept MfBe)
 43778 | Vaults:1 | Noticed Tappu's ghost (adept OgEn)
 43839 | Vaults:1 | XOM: cloud trail
 44061 | Vaults:1 | XOM: potion effect (invisibility)
 44146 | Vaults:1 | XOM: give mutations
 44146 | Vaults:1 | Lost mutation: You are dopey. (Int -2) [Xom's grace]
 44146 | Vaults:1 | Gained mutation: You are agile. (Dex +2) [Xom's grace]
 44146 | Vaults:1 | Gained mutation: You have hidden genetic potential. [Xom's
                  | grace]
 44191 | Vaults:1 | XOM: god gift: 18 stones
 44586 | Vaults:1 | XOM: cast spell 'Metabolic Englaciation'
 44705 | Vaults:1 | Reached XP level 22. HP: 190/190 MP: 22/22
 44708 | Vaults:1 | XOM: enchant monster (good)
 44974 | Vaults:1 | XOM: stat loss: -1 Str (24/25)
 45011 | Vaults:1 | XOM: polymorph red very ugly thing -> cyan very ugly thing
 45089 | Vaults:1 | XOM: summons 4 hostile demons
 45255 | Vaults:1 | XOM: chaos cloud
 45258 | Vaults:1 | XOM: god gift: 53 gold pieces
 45273 | Vaults:1 | XOM: fog
 45276 | Vaults:1 | Killed HilariousDeathArtist's ghost
 45291 | Vaults:1 | XOM: enchant monster (bad)
 45300 | Vaults:1 | XOM: noise
 45301 | Vaults:1 | Mangled by jejorda2's ghost

Illustrated notes

Levels and vault maps discovered:
D:1:      saegor_arrival_simple_a, layout_basic, serial_shops,
          nicolae_shop_temple_entry_statues_fountains
D:2:      layout_basic, dreamdust_ecumenical_altar_grove, serial_shops, shop,
          shop, shop, nicolae_square_shop, minmay_crystal_water,
          grunt_ministairs_13, minmay_misc_feat_tiny, uniq_jessica
D:3:      layout_basic, gammafunk_ghost_grave, minmay_stone_trees_small,
          uniq_ijyb
D:4:      layout_gridville, lightli_sewer_entry_pipes
D:5:      layout_basic, temple_fountains, minivault_1, uniq_eustachio
D:6:      layout_loops_ring, serial_shops, nicolae_shop_crystal,
          grunt_decor_mini_mirrors
D:7:      layout_cave_pools, serial_glass, glass_columns_a, glass_columns_a,
          glass_columns_a, glass_columns_b, dk_noncrumbling_4, uniq_maggie
D:8:      layout_basic, serial_co_window_serial, co_window_of_opportunity_a,
          co_window_paths_a, co_window_paths_b, co_window_paths_a,
          co_window_paths_b, co_window_paths_a, co_window_of_opportunity_c,
          co_window_broadway_c, co_window_corner_b, co_window_unsneaky_path_c,
          co_window_broadway_c, co_window_broadway_c, glass_columns_a
D:9:      layout_basic, tgw_sif
D:10:     layout_loops_ring, uniq_joseph, uniq_fannar, uniq_maurice
D:11:     layout_irregular_city, minmay_lair_entry_grove, erik_orc_4,
          serial_shops, nicolae_shop_competitors_out_of_business
D:12:     layout_irregular_city, serial_shops, nicolae_take_the_stairs
D:13:     layout_big_octagon, david_vaults_3, enter_bailey_3, serial_shops,
          kennysheep_mini, nicolae_shop_behind_doors, nicolae_shop_waterfront
D:14:     layout_cave_pods, grunt_dithmenos_smoke, minmay_radiant
D:15:     grunt_enter_depths_giant_problem, layout_basic, nrook_campfire,
          uniq_josephine
Lair:1:   layout_misc_corridors, uniq_erica
Lair:2:   layout_hall_layers, eino_small_chamber_without_monster, uniq_urug
Lair:3:   layout_regular_city, minmay_shoals_entry_lonely_mermaid,
          dummy_snake_entry, uniq_gastronok
Lair:4:   nzn_winding_woodlands_cross [nzn_winding_woodlands_5x15_cabin,
          nzn_winding_woodlands_5x15_jagged, nzn_winding_woodlands_5x15_zeroes,
          nzn_winding_woodlands_5x15_concentric,
          nzn_winding_woodlands_15x15_thick_spiral], layout_regular_city,
          serial_bayou_shore_b, uniq_sonja
Lair:5:   layout_loops_ring, slime_altar_1, lemuel_fruit_fields,
          lemuel_fruit_fields
Lair:6:   minmay_lair_end_frog_pond, layout_layer_cave, minivault_11
Shoals:1: layout_shoals, hangedman_shoals_cup_caves
Shoals:2: layout_shoals, uniq_polyphemus
Shoals:3: layout_shoals, nicolae_shoals_so_close
Shoals:4: shoals_end_hellmonk_lost_city
Snake:1:  layout_onion, uniq_mlioglotl
Snake:2:  layout_onion_interference, serial_shops, nicolae_shop_trees,
          nicolae_snake_slithery_hallway, nicolae_snake_lava_pool,
          minmay_shoptagon, uniq_vashnia, uniq_saint_roka
Snake:3:  layout_rooms, basic_altar, grunt_megastairs_5
Snake:4:  hellmonk_snake_rune_quicksilver_temple, layout_cave_town, uniq_aizul
Orc:1:    layout_caves, mines4_lemuel, uniq_harold
Orc:2:    pubby_orc_utopia
Vaults:1: gammafunk_vaults_ghost_cemetery, nicolae_vaults_big_ls,
          grunt_vaults_swirl, hangedman_vaults_nodes, v_alt_pattern_3,
          hangedman_vaults_locks, dpeg_vaults_monster_box,
          layout_vaults_chaotic_city

Skill      XL: |  1  2  3  4  5  6  7  8  9 10 11 12 13 14 15 16 17 18 19 20 21 |
---------------+----------------------------------------------------------------+-----
Dodging        | 1 2 10 12 | 12.0
Long Blades    | 4 5 6 7 8 |  8.1
Slings         | 2 7 10 14 | 14.0
Shields        | 2 9 15 | 15.0
Fighting       | 4 10 12 13 16 19 20 | 20.0
Armour         | 9 12 15 19 | 19.5
Evocations     | 6 8 11 12 | 12.0

Action                   |  1- 3 |  4- 6 |  7- 9 | 10-12 | 13-15 | 16-18 | 19-21 | 22-24 || total
-------------------------+-------+-------+-------+-------+-------+-------+-------+-------++-------
Melee: Falchion          |    61 |   173 |    98 |    16 |       |       |       |       ||   348
 Fire: Fustibalus        |       |       |   130 |   383 |  1094 |  1014 |  1539 |   112 ||  4272
Throw: Dart              |       |     5 |       |       |       |     1 |       |       ||     6
 Abil: Dig               |       |       |       |       |       |       |     1 |       ||     1
Evoke: Wand              |       |     5 |     3 |     2 |     3 |       |     1 |       ||    14
       Box of beasts     |       |       |       |       |     1 |       |       |     1 ||     2
       Phantom mirror    |       |       |       |       |       |       |     2 |       ||     2
  Use: Potion            |       |     2 |       |     3 |     2 |     1 |     3 |     4 ||    15
       Scroll            |       |       |       |    13 |    13 |     3 |     2 |     1 ||    32
 Stab: Paralysed         |       |     1 |       |       |       |       |       |       ||     1
Armor: Leather armour    |    23 |    56 |    32 |    40 |    31 |       |       |       ||   182
       Troll leather arm |       |       |       |       |    20 |       |       |       ||    20
       Ring mail         |       |       |       |       |    18 |    46 |    83 |     6 ||   153
Dodge: Dodged            |    32 |    99 |    52 |    60 |    84 |    89 |   167 |    18 ||   601
Block: Buckler           |       |       |     1 |    18 |    16 |       |       |       ||    35
       Tower shield      |       |       |       |       |   218 |   318 |   684 |    58 ||  1278
       Reflection        |       |       |       |       |     4 |    80 |   121 |     7 ||   212

Table legend: (Time is in decaauts)
 A = Elapsed time spent in this place.
 B = Non-inter-level travel time spent in this place.
 C = Inter-level travel time spent in this place.
 D = Time resting spent in this place.
 E = Time spent auto-exploring this place.
 F = Levels seen in this place.
 G = Mean time per level.
                   A        B        C        D        E       F      G
               +--------+--------+--------+--------+--------+-----+--------+
         Total |  44397 |  42253 |   2144 |    194 |  33990 |  34 | 1305.8 |
       Dungeon |  15182 |  14364 |    818 |    186 |  11966 |  15 | 1012.1 |
          Lair |   7548 |   6937 |    611 |      0 |   5551 |   6 | 1258.0 |
        Shoals |   6694 |   6454 |    240 |      0 |   5160 |   4 | 1673.5 |
     Snake Pit |   7167 |   6977 |    190 |      0 |   5707 |   4 | 1791.8 |
  Orcish Mines |   3407 |   3123 |    284 |      8 |   2256 |   2 | 1703.5 |
        Vaults |   2195 |   2195 |      0 |      0 |   1684 |   1 | 2195.0 |
         Sewer |   1842 |   1842 |      0 |      0 |   1475 |   1 | 1842.0 |
        Bailey |    360 |    360 |      0 |      0 |    190 |   1 |  360.0 |
               +--------+--------+--------+--------+--------+-----+--------+

Top non-repeatable levels by time:
   Orc:2: 2409 daAuts
 Snake:4: 2384 daAuts
Vaults:1: 2195 daAuts
 Snake:1: 2149 daAuts
  Lair:6: 1980 daAuts
   Sewer: 1842 daAuts
Shoals:2: 1791 daAuts
Shoals:4: 1732 daAuts
Shoals:3: 1608 daAuts
Shoals:1: 1561 daAuts
    D:11: 1360 daAuts
 Snake:2: 1338 daAuts
     D:5: 1335 daAuts
  Lair:4: 1334 daAuts
     D:3: 1310 daAuts
